 Dungeon Crawl Stone Soup version 0.31-a0-496-g6f97920a28 (webtiles) character file.

Game seed: 5305874689470516848

165 BigDaddyOpFi the Ruffian (level 5, -6/37 HPs)
             Began as a Troll Shapeshifter on Aug 8, 2023.
             Mangled by a kobold
             ... wielding a +0 whip of electrocution
              (19 damage)
             ... in a sewer.
             The game lasted 00:03:07 (1614 turns).

BigDaddyOpFi the Ruffian (Troll Shapeshifter)       Turns: 1614, Time: 00:03:08

Health: -6/37      AC:  4    Str: 25    XL:     5   Next: 22%
Magic:  4/4        EV: 14    Int:  4    God:
Gold:   127        SH:  0    Dex: 10    Spells: 4/4 levels left

rFire   . .          .
                       - Unarmed
rCold   . . .        (shield currently unavailable)
rNeg    . . .        a - +0 animal skin
rPois   .            (helmet restricted)
rElec   .            (no cloak)
rCorr   .            (gloves unavailable)
SInv    .            (boots unavailable)
Will    .....        (no amulet)
Stlth   +            (no ring)
HPRegen 1.06/turn    (no ring)
MPRegen 0.09/turn

%: no passive effects
@: flux-form, glowing
A: glow, contaminating, reduced hp, large, unfitting armour, claws 3,
regeneration 1, shaggy fur 1, tough skin 1
a: Begin Untransformation


You were in a sewer.
You were something dangerously unstable.
You visited 1 branch of the dungeon, and saw 3 of its levels.
You also visited: Sewer.

You collected 127 gold pieces.

Inventory:

Armour
 a - a +0 animal skin (worn)
Talismans
 c - a beast talisman
 d - a flux talisman (active)
Scrolls
 g - 2 scrolls of identify
 i - a scroll of enchant weapon
 j - 2 scrolls of blinking {unknown}
Potions
 b - a potion of lignification
 e - 2 potions of degeneration {unknown}
 f - 2 potions of curing {unknown}
 h - a potion of attraction {unknown}
 k - a potion of haste {unknown}


   Skills:
 + Level 2.1 Fighting
 + Level 2.5 Dodging
 + Level 3.9 Unarmed Combat
 + Level 3.6 Shapeshifting


You had 4 spell levels left.
You didn't know any spells.
Your spell library was empty.

Dungeon Overview and Level Annotations

Branches:
Dungeon (3/15)              Sewer (1/1)

Altars:
Makhleb
Zin


Innate Abilities, Weirdness & Mutations

You are something dangerously unstable.
You glow with magical radiation, making you easy to see and hit.
Foes you strike become dangerously contaminated with magical radiation.
Your maximum health is decreased, since you lack skill for your form.
You are incapable of wielding weapons or throwing items.
You are too large for most types of armour.
You have claws for hands.
Your natural rate of healing is unusually fast.
You are covered in fur. (AC +1)
You have tough skin. (AC +1)


Message History

You are no longer poisoned.
You see here an adder corpse.
You enter the shallow water.
You enter the shallow water.
You see here an adder corpse.
You enter the shallow water.
You enter the shallow water.
Things that are here:
a +0 short sword; a stone You enter the shallow water.
You enter the shallow water.
A kobold comes into view.
It is wielding a +0 whip of electrocution.
Found a scroll labelled CITAIDGHOAX.
The kobold shouts!
A kobold is nearby!
The kobold throws a stone.
The stone hits you.
A kobold is nearby!
The kobold throws a stone.
The stone misses you.
You enter the shallow water.
The kobold hits you with a +0 whip of electrocution.
You are electrocuted!!
You are too injured to fight recklessly!
You are too injured to fight recklessly!
You are too injured to fight recklessly!
You are too injured to fight recklessly!
You are too injured to fight recklessly!
You are too injured to fight recklessly!
You are too injured to fight recklessly!
You are too injured to fight recklessly!
You are too injured to fight recklessly!
You are too injured to fight recklessly!
You are too injured to fight recklessly!
You are too injured to fight recklessly!
Unknown command.
You closely miss the kobold. The kobold barely misses you.
You closely miss the kobold.
The kobold hits you with a +0 whip of electrocution.
You are electrocuted!!
Ouch! That really hurt!
You die...

# ##### ## #.##
##~..## ##.
##...#####~....#####..
#...KB....~~.~.~††~~..
##.?.#####.~...#####~.
##~. ##.~.## ##. ###
##~## ## #~# # #~# #
##### ##~## ## ##...##
##.~~## ##.
#.....####.....#####~.


You could see a kobold.

Vanquished Creatures
  An orc wizard (D:3)
  4 adders
  3 river rats (D:3)
  5 worms
  A dart slug (D:1)
  3 orcs (D:3)
  6 bats
  5 endoplasms
  2 giant cockroaches
  5 goblins
  4 hobgoblins
  A quokka (D:1)
  5 ball pythons (Sewer)
  5 frilled lizards
  5 kobolds
  9 rats
64 creatures vanquished.

Notes
Turn   | Place    | Note
-------+----------+-------------------------------------------
     0 | D:1      | BigDaddyOpFi the Troll Shapeshifter began the quest for the
                  | Orb.
     0 | D:1      | Reached XP level 1. HP: 18/18 MP: 0/0
    33 | D:1      | Reached skill level 1 in Fighting
    39 | D:1      | Reached XP level 2. HP: 27/27 MP: 1/1
   660 | D:2      | Reached XP level 3. HP: 33/33 MP: 2/2
  1256 | D:3      | Reached XP level 4. HP: 7/42 MP: 3/3
  1319 | D:3      | Found a glowing silver altar of Zin.
  1409 | D:3      | Found a burning altar of Makhleb.
  1417 | D:3      | Found a glowing drain.
  1451 | D:3      | Reached XP level 5. HP: 19/49 MP: 4/4
  1467 | Sewer    | Entered a sewer
  1614 | Sewer    | Mangled by a kobold

Illustrated notes

Levels and vault maps discovered:
D:1:      minmay_arrival_four_circles, layout_basic, serial_corexii_hall,
          corexii_hall_statues_x, corexii_hall_statues_t,
          corexii_hall_statues_l, nicolae_concentric_dashed_squares_mild,
          nrook_mini_vaults
D:2:      layout_basic
D:3:      layout_basic, pdpol_temple_overflow_zin_treasury_gozag_greed,
          bloody_makhleb, portal_sewer_entry_b
Sewer:    sewer_co_15_rooms

Skill      XL: |  1  2  3  4 |
---------------+-------------+-----
Fighting       | 1 2 |  2.1
Dodging        | 2 |  2.5
Unarmed Combat | |  3.9
Shapeshifting  | |  3.6

Action                     |  1- 3 |  4- 6 || total
---------------------------+-------+-------++-------
  Melee: Unarmed           |    76 |    75 ||   151
         Punch             |     1 |       ||     1
    Use: Scroll            |     2 |       ||     2
         Potion            |       |     1 ||     1
 Armour: Animal skin       |    20 |    16 ||    36
         Skin              |       |    18 ||    18
  Dodge: Dodged            |    39 |    24 ||    63
   Form: Flux              |     1 |       ||     1

Table legend: (Time is in decaauts)
 A = Elapsed time spent in this place.
 B = Non-inter-level travel time spent in this place.
 C = Inter-level travel time spent in this place.
 D = Time resting spent in this place.
 E = Time spent auto-exploring this place.
 F = Levels seen in this place.
 G = Mean time per level.
                   A        B        C        D        E       F      G
               +--------+--------+--------+--------+--------+-----+--------+
         Total |   1602 |   1582 |     20 |     25 |   1012 |   4 |  400.5 |
       Dungeon |   1457 |   1437 |     20 |     25 |    921 |   3 |  485.7 |
         Sewer |    144 |    144 |      0 |      0 |     91 |   1 |  144.0 |
               +--------+--------+--------+--------+--------+-----+--------+

Top non-repeatable levels by time:
     D:1: 635 daAuts
     D:2: 501 daAuts
     D:3: 320 daAuts
   Sewer: 144 daAuts
